BSA
EL DORADO OILERS @ NASSAU ROCKETS
09/02/2030
 
TOP OF THE 1ST
El Dorado Oilers batting - Pitching for Nassau Rockets : LHP Rod Adams
Pitching: LHP Rod Adams
Batting: RHB Nick Webb 0-0: Ball
1-0: Ball
2-0: Foul Ball, location: 2F
2-1: Ground out 6-3 (Groundball, 56)
Batting: RHB José Carlos Caraballo 0-0: Ball
1-0: Called Strike
1-1: Foul Ball, location: 2F
1-2: Ball
2-2: Foul Ball, location: 2F
2-2: Foul Ball, location: 2F
2-2: Ground out 5-3 (Groundball, 5)
Batting: RHB Ernesto Acosta 0-0: Foul Ball, location: 2F
0-1: Ground out 5-3 (Groundball, 56)
Top of the 1st over - 0 runs, 0 hits, 0 errors, 0 left on base; El Dorado 0 - Nassau 0
BOTTOM OF THE 1ST
Nassau Rockets batting - Pitching for El Dorado Oilers : RHP Tomás Molina
Pitching: RHP Tomás Molina
Batting: LHB Andrew Alvarado 0-0: Called Strike
0-1: Ball
1-1: Called Strike
1-2: Foul Ball, location: 2F
1-2: Ball
2-2: SINGLE (Flyball, 89S)
Batting: LHB Dusty Wilson 0-0: SINGLE (Line Drive, 3D)
Andrew Alvarado to second
Batting: SHB Edgardo Osorio 0-0: Called Strike
0-1: Foul Ball, location: 2F
0-2: SINGLE (Groundball, 6MD)
Andrew Alvarado to third
Dusty Wilson to second
Runner from 3rd tries for Home, SAFE, throw made home
Batting: LHB Wilson Allen 0-0: Swinging Strike
0-1: Ball
1-1: Called Strike
1-2: Foul Ball, location: 2F
1-2: SINGLE (Line Drive, 56D)
Dusty Wilson to third
Edgardo Osorio to second
Runner from 3rd tries for Home, SAFE, no throw
Batting: RHB Dexter Potter 0-0: Ball
1-0: Called Strike
1-1: SINGLE (Line Drive, 4MD)
Edgardo Osorio to third
Wilson Allen to second
Batting: LHB Juan Romero 0-0: Ball
1-0: Foul Ball, location: 2F
1-1: Foul Ball, location: 2F
1-2: Ball
2-2: Foul Ball, location: 2F
2-2: Grounds into double play, 4-6-3 (Groundball, 4M)
Edgardo Osorio scores
Wilson Allen to third
Batting: RHB Salvador Borbón 0-0: Fly out, F5 (Popup, 5D)
Bottom of the 1st over - 3 runs, 5 hits, 0 errors, 1 left on base; El Dorado 0 - Nassau 3
TOP OF THE 2ND
El Dorado Oilers batting - Pitching for Nassau Rockets : LHP Rod Adams
Batting: RHB Sixto Vélez 0-0: Ball
1-0: Swinging Strike
1-1: Called Strike
1-2: Foul Ball, location: 2F
1-2: Fly out, F9 (Flyball, 9D)
Batting: RHB Bob Johnson 0-0: Fly out, F6 (Popup, P)
Batting: SHB Theron Harper 0-0: Called Strike
0-1: Ball
1-1: Foul Ball, location: 2F
1-2: Ball
2-2: Ball
3-2: Fly out, F9 (Flyball, 89D)
Top of the 2nd over - 0 runs, 0 hits, 0 errors, 0 left on base; El Dorado 0 - Nassau 3
BOTTOM OF THE 2ND
Nassau Rockets batting - Pitching for El Dorado Oilers : RHP Tomás Molina
Batting: RHB Jesús Villalobos 0-0: DOUBLE (Groundball, 5L)
Batting: RHB Kenji Kudo 0-0: Ball
Jesús Villalobos steals 3rd base
1-0: Ground out 3-1 (Groundball, 34)
Jesús Villalobos scores
Batting: LHB Andrew Alvarado 0-0: Swinging Strike
0-1: Ball
1-1: Foul Ball, location: 2F
1-2: Ball
2-2: Foul Ball, location: 2F
2-2: Ball
3-2: Ground out 6-3 (Groundball, 6M)
Batting: LHB Dusty Wilson 0-0: Ball
1-0: Ball
2-0: Swinging Strike
2-1: Foul Ball, location: 2F
2-2: Ball
3-2: Strikes out swinging
Bottom of the 2nd over - 1 run, 1 hit, 0 errors, 0 left on base; El Dorado 0 - Nassau 4
TOP OF THE 3RD
El Dorado Oilers batting - Pitching for Nassau Rockets : LHP Rod Adams
Batting: RHB Vicente Carona 0-0: Foul Ball, location: 2F
0-1: Called Strike
0-2: Foul Ball, location: 2F
0-2: Ball
1-2: Foul Ball, location: 2F
1-2: Ball
2-2: Strikes out looking
Batting: LHB Al Gaines 0-0: Ball
1-0: Ball
2-0: SINGLE (Groundball, 4MD)
Batting: RHB Tony Hernández 0-0: Foul Ball, location: 2F
0-1: Fly out, F9 (Flyball, 9LS)
Batting: RHB Nick Webb 0-0: Called Strike
Al Gaines steals 2nd base
0-1: Foul Ball, location: 2F
0-2: Ball
1-2: Ball
2-2: Ground out 5-3 (Groundball, 5S)
Top of the 3rd over - 0 runs, 1 hit, 0 errors, 1 left on base; El Dorado 0 - Nassau 4
BOTTOM OF THE 3RD
Nassau Rockets batting - Pitching for El Dorado Oilers : RHP Tomás Molina
Batting: SHB Edgardo Osorio 0-0: Called Strike
0-1: Ball
1-1: Ball
2-1: Ball
3-1: Fly out, F8 (Flyball, 8RM)
Batting: LHB Wilson Allen 0-0: Called Strike
0-1: Foul Ball, location: 2F
0-2: Foul Ball, location: 2F
0-2: Ball
1-2: Ball
2-2: SOLO HOME RUN (Flyball, 9LD), Distance : 332 ft
Batting: RHB Dexter Potter 0-0: Called Strike
0-1: Ball
1-1: Foul Ball, location: 2F
1-2: Fly out, F8 (Flyball, 8RS)
Batting: LHB Juan Romero 0-0: Foul Ball, location: 2F
0-1: Swinging Strike
0-2: Ball
1-2: DOUBLE (Groundball, 3D)
Batting: RHB Salvador Borbón 0-0: Called Strike
0-1: Ball
1-1: Swinging Strike
1-2: Ground out 6-3 (Groundball, 6)
Bottom of the 3rd over - 1 run, 2 hits, 0 errors, 1 left on base; El Dorado 0 - Nassau 5
TOP OF THE 4TH
El Dorado Oilers batting - Pitching for Nassau Rockets : LHP Rod Adams
Batting: RHB José Carlos Caraballo 0-0: Ball
1-0: Ball
2-0: Ball
3-0: Called Strike
3-1: Swinging Strike
3-2: Ground out 5-3 (Groundball, 56)
Batting: RHB Ernesto Acosta 0-0: Foul Ball, location: 2F
0-1: Called Strike
0-2: Ball
1-2: Foul Ball, location: 2F
1-2: Foul Ball, location: 2F
1-2: Foul Ball, location: 2F
1-2: Ball
2-2: Foul Ball, location: 2F
2-2: Fly out, F9 (Flyball, 89D)
Batting: RHB Sixto Vélez 0-0: Ground out 4-3 (Groundball, 4)
Top of the 4th over - 0 runs, 0 hits, 0 errors, 0 left on base; El Dorado 0 - Nassau 5
BOTTOM OF THE 4TH
Nassau Rockets batting - Pitching for El Dorado Oilers : RHP Tomás Molina
Batting: RHB Jesús Villalobos 0-0: Ball
1-0: Ball
2-0: Ball
3-0: SINGLE (Flyball, 7LM)
Batting: RHB Kenji Kudo 0-0: Ground out 4-3 (Groundball, 34)
Jesús Villalobos to second
Batting: LHB Andrew Alvarado 0-0: Ball
1-0: Ball
2-0: Foul Ball, location: 2F
2-1: Foul Ball, location: 2F
2-2: Ground out 6-3 (Groundball, 6)
Jesús Villalobos to third
Batting: LHB Dusty Wilson 0-0: Called Strike
0-1: Called Strike
0-2: Strikes out looking
Bottom of the 4th over - 0 runs, 1 hit, 0 errors, 1 left on base; El Dorado 0 - Nassau 5
TOP OF THE 5TH
El Dorado Oilers batting - Pitching for Nassau Rockets : LHP Rod Adams
Batting: RHB Bob Johnson 0-0: DOUBLE (Line Drive, 7LD)
Batting: SHB Theron Harper 0-0: Called Strike
0-1: Called Strike
0-2: Foul Ball, location: 2F
0-2: Ball
1-2: Ball
2-2: DOUBLE (Line Drive, 9LD)
Bob Johnson scores
Batting: RHB Vicente Carona 0-0: Reached on error, E5 (Groundball, 56S)
Theron Harper to third
Batting: LHB Al Gaines 0-0: Ball
1-0: Ball
2-0: SINGLE (Groundball, 56D)
Theron Harper scores
Vicente Carona to second
Batting: RHB Tony Hernández 0-0: Called Strike
0-1: Foul Ball, location: 2F
0-2: SINGLE (Line Drive, 56)
Vicente Carona to third
Al Gaines to second
Batting: RHB Nick Webb 0-0: Ball
1-0: Called Strike
1-1: Foul Ball, location: 2F
1-2: SINGLE (Groundball, 56D)
Vicente Carona scores
Al Gaines to third
Tony Hernández to second
Batting: RHB José Carlos Caraballo 0-0: Called Strike
0-1: Swinging Strike
0-2: Strikes out looking
Batting: RHB Ernesto Acosta 0-0: Called Strike
0-1: DOUBLE (Line Drive, 7D)
Al Gaines scores
Tony Hernández scores
Nick Webb to third
Runner from 3rd tries for Home, SAFE, no throw
Pitching: RHP Kenkichi Morimoto
Batting: RHB Sixto Vélez 0-0: Ball
1-0: Ball
2-0: Called Strike
2-1: Foul Ball, location: 2F
2-2: Foul Ball, location: 2F
2-2: Strikes out swinging
Batting: RHB Bob Johnson 0-0: Called Strike
0-1: Ball
1-1: Ball
2-1: Called Strike
2-2: Strikes out swinging
Top of the 5th over - 6 runs, 6 hits, 1 error, 1 left on base; El Dorado 6 - Nassau 5
BOTTOM OF THE 5TH
Nassau Rockets batting - Pitching for El Dorado Oilers : RHP Tomás Molina
Batting: SHB Edgardo Osorio 0-0: Fly out, F7 (Flyball, 7)
Batting: LHB Wilson Allen 0-0: Ball
1-0: Ball
2-0: DOUBLE (Groundball, 3L)
Pitching: RHP Carlos Castillo
Batting: RHB Dexter Potter 0-0: Ball
1-0: Fly out, F9 (Flyball, 9)
Batting: LHB Juan Romero 0-0: Foul Ball, location: 2F
0-1: Called Strike
0-2: Ball
1-2: SINGLE (Groundball, 23) (infield hit)
Wilson Allen to third
Batting: RHB Salvador Borbón 0-0: Ball
1-0: Fly out, F7 (Flyball, 7D)
Bottom of the 5th over - 0 runs, 2 hits, 0 errors, 2 left on base; El Dorado 6 - Nassau 5
TOP OF THE 6TH
El Dorado Oilers batting - Pitching for Nassau Rockets : RHP Kenkichi Morimoto
Batting: SHB Theron Harper 0-0: Ground out 5-3 (Groundball, 5)
Batting: RHB Vicente Carona 0-0: Ball
1-0: Foul Ball, location: 2F
1-1: Fly out, F8 (Line Drive, 8LM)
Batting: LHB Al Gaines 0-0: SINGLE (Groundball, 4MD)
Batting: RHB Tony Hernández 0-0: Foul Ball, location: 2F
0-1: Ball
1-1: Ball
2-1: Ball
3-1: Reached on error, E1 (Groundball, P)
Al Gaines to third
Batting: RHB Nick Webb 0-0: Called Strike
0-1: Ball
1-1: Foul Ball, location: 2F
1-2: DOUBLE (Line Drive, 8LXD)
Al Gaines scores
Tony Hernández scores
Pitching: RHP Ju-choer Yi
Batting: RHB José Carlos Caraballo 0-0: Called Strike
0-1: Foul Ball, location: 2F
0-2: Ball
1-2: Strikes out looking
Top of the 6th over - 2 runs, 2 hits, 1 error, 1 left on base; El Dorado 8 - Nassau 5
BOTTOM OF THE 6TH
Nassau Rockets batting - Pitching for El Dorado Oilers : RHP Carlos Castillo
Batting: RHB Jesús Villalobos 0-0: Swinging Strike
0-1: DOUBLE (Line Drive, 7D)
Batting: RHB Kenji Kudo 0-0: Called Strike
0-1: Ball
1-1: SINGLE (Flyball, 78S)
Jesús Villalobos to third
Batting: LHB Andrew Alvarado 0-0: Ball
1-0: Called Strike
1-1: Called Strike
1-2: Strikes out looking
Batting: LHB Dusty Wilson 0-0: Swinging Strike
0-1: Called Strike
0-2: Strikes out looking
Batting: SHB Edgardo Osorio 0-0: Foul Ball, location: 2F
0-1: Called Strike
0-2: Ball
1-2: Strikes out swinging
Bottom of the 6th over - 0 runs, 2 hits, 0 errors, 2 left on base; El Dorado 8 - Nassau 5
TOP OF THE 7TH
El Dorado Oilers batting - Pitching for Nassau Rockets : RHP Ju-choer Yi
Batting: RHB Ernesto Acosta 0-0: Ground out 5-3 (Groundball, 25)
Batting: RHB Sixto Vélez 0-0: Ball
1-0: Ball
2-0: Foul Ball, location: 2F
2-1: Ball
3-1: Base on Balls
Batting: RHB Bob Johnson 0-0: Fly out, F6 (Popup, 6M)
Batting: SHB Theron Harper 0-0: Ball
1-0: Called Strike
1-1: Ball
2-1: Ball
3-1: Fly out, F9 (Flyball, 9LM)
Top of the 7th over - 0 runs, 0 hits, 0 errors, 1 left on base; El Dorado 8 - Nassau 5
BOTTOM OF THE 7TH
Nassau Rockets batting - Pitching for El Dorado Oilers : RHP Carlos Castillo
Batting: LHB Wilson Allen 0-0: SINGLE (Flyball, 89S)
Batting: RHB Dexter Potter 0-0: Called Strike
0-1: Ball
1-1: Foul Ball, location: 2F
1-2: Fly out, F8 (Flyball, 8RM)
Batting: LHB Juan Romero 0-0: Called Strike
0-1: Ball
1-1: Ball
2-1: Foul Ball, location: 2F
2-2: Ball
3-2: Foul Ball, location: 2F
3-2: SINGLE (Flyball, 7LS)
Wilson Allen to second
Batting: RHB Salvador Borbón 0-0: Ball
1-0: Ball
2-0: Foul Ball, location: 2F
2-1: 3-RUN HOME RUN (Flyball, 7D), Distance : 349 ft
Pitching: RHP César López
Batting: RHB Jesús Villalobos 0-0: Ball
1-0: Foul Ball, location: 2F
1-1: Ball
2-1: SINGLE (Groundball, 6D)
Batting: RHB Kenji Kudo 0-0: Ball
1-0: Ball
2-0: Fly out, F6 (Line Drive, 6M)
Batting: LHB Andrew Alvarado 0-0: Called Strike
0-1: Ball
1-1: Swinging Strike
1-2: Ball
2-2: Ground out 6-3 (Groundball, 6)
Bottom of the 7th over - 3 runs, 4 hits, 0 errors, 1 left on base; El Dorado 8 - Nassau 8
TOP OF THE 8TH
El Dorado Oilers batting - Pitching for Nassau Rockets : RHP Ju-choer Yi
Batting: RHB Vicente Carona 0-0: Ball
1-0: Foul Ball, location: 2F
1-1: Swinging Strike
1-2: Foul Ball, location: 2F
1-2: SINGLE (Groundball, 56D)
Pitching: RHP Chris Marshall
Pinch Hitting: LHB José Hernández 0-0: Ball
1-0: Foul Ball, location: 2F
1-1: Swinging Strike
1-2: Strikes out swinging
Pinch Hitting: LHB Chris Miller 0-0: Ball
1-0: Called Strike
1-1: Foul Ball, location: 2F
1-2: Ball
2-2: Foul Ball, location: 2F
2-2: Foul Ball, location: 2F
2-2: Foul Ball, location: 2F
2-2: Foul Ball, location: 2F
2-2: Strikes out looking
Batting: RHB Nick Webb 0-0: Called Strike
0-1: Ball
1-1: Swinging Strike
1-2: Fly out, F7 (Flyball, 7)
Top of the 8th over - 0 runs, 1 hit, 0 errors, 1 left on base; El Dorado 8 - Nassau 8
BOTTOM OF THE 8TH
Nassau Rockets batting - Pitching for El Dorado Oilers : RHP César López
Now at 3B: Orlando Aguilar
Now in RF: Chris Miller
Batting: LHB Dusty Wilson 0-0: Called Strike
0-1: Called Strike
0-2: Ball
1-2: Fly out, F7 (Flyball, 7LMF)
Batting: SHB Edgardo Osorio 0-0: Ball
1-0: Called Strike
1-1: Ground out 4-3 (Groundball, 34)
Batting: LHB Wilson Allen 0-0: SOLO HOME RUN (Flyball, 9D), Distance : 355 ft
Batting: RHB Dexter Potter 0-0: Called Strike
0-1: Ball
1-1: SINGLE (Line Drive, 7S)
Batting: LHB Juan Romero 0-0: Fielders Choice at 2nd, 6-4 (Groundball, 56)
Bottom of the 8th over - 1 run, 2 hits, 0 errors, 1 left on base; El Dorado 8 - Nassau 9
TOP OF THE 9TH
El Dorado Oilers batting - Pitching for Nassau Rockets : RHP Chris Marshall
Batting: RHB José Carlos Caraballo 0-0: Ball
1-0: Called Strike
1-1: Ball
2-1: Foul Ball, location: 2F
2-2: Strikes out swinging
Batting: RHB Ernesto Acosta 0-0: Foul Ball, location: 2F
0-1: Ball
1-1: SINGLE (Groundball, 6MD)
Pinch Runner at 1st Mathew Clayton:
Batting: RHB Sixto Vélez 0-0: Ball
Throwing error on steal attempt, E2
Mathew Clayton to third
1-0: Called Strike
1-1: Ball
2-1: SINGLE (Groundball, 6MD)
Mathew Clayton scores
Batting: RHB Bob Johnson 0-0: Called Strike
0-1: Ball
1-1: Ball
2-1: Fly out, F8 (Flyball, 8LS)
Batting: SHB Theron Harper 0-0: Ball
1-0: Foul Ball, location: 2F
1-1: Foul Ball, location: 2F
1-2: Ground out 4-3 (Groundball, 34)
Top of the 9th over - 1 run, 2 hits, 1 error, 1 left on base; El Dorado 9 - Nassau 9
BOTTOM OF THE 9TH
Nassau Rockets batting - Pitching for El Dorado Oilers : RHP César López
Now at 3B: Mathew Clayton
Batting: RHB Salvador Borbón 0-0: Ball
1-0: Ball
2-0: Foul Ball, location: 2F
2-1: SINGLE (Groundball, 5D)
Batting: RHB Jesús Villalobos 0-0: Ball
1-0: Grounds into double play, 6-4-3 (Groundball, 6)
Batting: RHB Kenji Kudo 0-0: Called Strike
0-1: Ball
1-1: Ground out 5-3 (Groundball, 56S)
Bottom of the 9th over - 0 runs, 1 hit, 0 errors, 0 left on base; El Dorado 9 - Nassau 9
TOP OF THE 10TH
El Dorado Oilers batting - Pitching for Nassau Rockets : RHP Chris Marshall
Batting: RHB Vicente Carona 0-0: Ball
1-0: Ball
2-0: Swinging Strike
2-1: Swinging Strike
2-2: Ball
3-2: Ground out 6-3 (Groundball, 56)
Batting: SHB Orlando Aguilar 0-0: Swinging Strike
0-1: Foul Ball, location: 2F
0-2: Ball
1-2: Ball
2-2: Ground out 4-3 (Groundball, 4)
Pitching: LHP Dennis Taylor
Batting: LHB Chris Miller 0-0: Ball
1-0: Swinging Strike
1-1: Ball
2-1: Ball
3-1: Called Strike
3-2: SINGLE (Groundball, 34D)
Batting: RHB Nick Webb 0-0: Ball
1-0: Ball
2-0: Called Strike
2-1: DOUBLE (Flyball, 78XD)
Chris Miller to third
Runner from 3rd tries for Home, SAFE, no throw
Batting: RHB José Carlos Caraballo 0-0: Ball
1-0: Swinging Strike
1-1: Foul Ball, location: 2F
1-2: Strikes out swinging
Top of the 10th over - 1 run, 2 hits, 0 errors, 1 left on base; El Dorado 10 - Nassau 9
BOTTOM OF THE 10TH
Nassau Rockets batting - Pitching for El Dorado Oilers : RHP César López
Pitching: RHP Kuang-yin Yue
Now in LF: Ashley Pickhills
Batting: LHB Andrew Alvarado 0-0: Ball
1-0: Swinging Strike
1-1: SINGLE (Groundball, 56D)
Batting: LHB Dusty Wilson 0-0: Foul Ball, location: 2F
0-1: Ball
1-1: Called Strike
1-2: Ball
2-2: Foul Ball, location: 2F
2-2: Ball
3-2: Base on Balls
Andrew Alvarado to second
Batting: SHB Edgardo Osorio 0-0: Swinging Strike
0-1: Ball
1-1: SINGLE (Line Drive, 78S)
Andrew Alvarado to third
Dusty Wilson to second
Runner from 3rd tries for Home, SAFE, no throw
Batting: LHB Wilson Allen 0-0: Foul Ball, location: 2F
0-1: Ball
1-1: Ball
2-1: Swinging Strike
2-2: Ball
3-2: Strikes out looking
Batting: RHB Dexter Potter 0-0: Ball
1-0: Ball
2-0: Foul Ball, location: 2F
2-1: Grounds into double play, 6-4-3 (Groundball, 6)
Bottom of the 10th over - 1 run, 2 hits, 0 errors, 1 left on base; El Dorado 10 - Nassau 10
TOP OF THE 11TH
El Dorado Oilers batting - Pitching for Nassau Rockets : LHP Dennis Taylor
Pitching: RHP Suezo Morimoto
Batting: LHB Mathew Clayton 0-0: Called Strike
0-1: Called Strike
0-2: Ball
1-2: Ball
2-2: Foul Ball, location: 2F
2-2: Ground out 6-3 (Groundball, 6)
Batting: RHB Sixto Vélez 0-0: Ball
1-0: Ball
2-0: Ball
3-0: Base on Balls
Batting: RHB Bob Johnson 0-0: Called Strike
0-1: Ball
1-1: Ball
2-1: Foul Ball, location: 2F
2-2: Strikes out swinging
Batting: SHB Theron Harper 0-0: Ball
1-0: Called Strike
1-1: Called Strike
1-2: Ground out 1-3 (Groundball, 13S)
Top of the 11th over - 0 runs, 0 hits, 0 errors, 1 left on base; El Dorado 10 - Nassau 10
BOTTOM OF THE 11TH
Nassau Rockets batting - Pitching for El Dorado Oilers : RHP Kuang-yin Yue
Pitching: LHP António Coronado
Pinch Hitting: RHB António Zúńiga 0-0: Ball
1-0: Swinging Strike
1-1: Ball
2-1: Foul Ball, location: 2F
2-2: Ball
3-2: Foul Ball, location: 2F
3-2: Strikes out swinging
Batting: RHB Salvador Borbón 0-0: Ball
1-0: Ball
2-0: Fly out, F8 (Flyball, 8RD)
Batting: RHB Jesús Villalobos 0-0: SINGLE (Line Drive, 4MD)
Batting: RHB Kenji Kudo 0-0: Ball
Jesús Villalobos steals 2nd base
1-0: Swinging Strike
1-1: Ball
2-1: Foul Ball, location: 2F
2-2: Ball
3-2: Strikes out looking
Bottom of the 11th over - 0 runs, 1 hit, 0 errors, 1 left on base; El Dorado 10 - Nassau 10
TOP OF THE 12TH
El Dorado Oilers batting - Pitching for Nassau Rockets : RHP Suezo Morimoto
Now at 3B: Aaron Wilson
Batting: RHB Vicente Carona 0-0: Foul Ball, location: 2F
0-1: Ball
1-1: Called Strike
1-2: Foul Ball, location: 2F
1-2: Ball
2-2: Ball
3-2: Strikes out looking
Batting: LHB Ashley Pickhills 0-0: Fly out, F7 (Flyball, 78D)
Batting: LHB Chris Miller 0-0: Swinging Strike
0-1: Swinging Strike
0-2: Ball
1-2: Foul Ball, location: 2F
1-2: Ball
2-2: Foul Ball, location: 2F
2-2: SINGLE (Groundball, 34D)
Batting: RHB Nick Webb 0-0: Ball
Chris Miller steals 2nd base
1-0: Ball
2-0: Ball
3-0: Base on Balls
Batting: RHB José Carlos Caraballo 0-0: Ground out 4-3 (Groundball, 34)
Top of the 12th over - 0 runs, 1 hit, 0 errors, 2 left on base; El Dorado 10 - Nassau 10
BOTTOM OF THE 12TH
Nassau Rockets batting - Pitching for El Dorado Oilers : LHP António Coronado
Batting: LHB Andrew Alvarado 0-0: Ball
1-0: Ball
2-0: Ball
3-0: Called Strike
3-1: Called Strike
3-2: Foul Ball, location: 2F
3-2: Base on Balls
Batting: LHB Dusty Wilson 0-0: Ball
1-0: Called Strike
1-1: Ball
2-1: Swinging Strike
2-2: Fly out, F9 (Line Drive, 89M)
Batting: SHB Edgardo Osorio 0-0: Ball
1-0: Ball
2-0: Called Strike
2-1: Grounds into double play, 6-4-3 (Groundball, 6)
Bottom of the 12th over - 0 runs, 0 hits, 0 errors, 0 left on base; El Dorado 10 - Nassau 10
TOP OF THE 13TH
El Dorado Oilers batting - Pitching for Nassau Rockets : RHP Suezo Morimoto
Pitching: RHP John Charles
Batting: LHB Mathew Clayton 0-0: Called Strike
0-1: Called Strike
0-2: Fly out, F9 (Flyball, 9)
Batting: RHB Sixto Vélez 0-0: Ball
1-0: Called Strike
1-1: Foul Ball, location: 2F
1-2: Ground out 6-3 (Groundball, 6)
Batting: RHB Bob Johnson 0-0: Called Strike
0-1: Foul Ball, location: 2F
0-2: Foul Ball, location: 2F
0-2: SINGLE (Flyball, 7LS)
Batting: SHB Theron Harper 0-0: Called Strike
0-1: Ball
1-1: Foul Ball, location: 2F
1-2: Fly out, F5 (Line Drive, 56)
Top of the 13th over - 0 runs, 1 hit, 0 errors, 1 left on base; El Dorado 10 - Nassau 10
BOTTOM OF THE 13TH
Nassau Rockets batting - Pitching for El Dorado Oilers : LHP António Coronado
Batting: LHB Wilson Allen 0-0: Ball
1-0: Ball
2-0: Called Strike
2-1: Ball
3-1: Base on Balls
Batting: RHB Dexter Potter 0-0: Ball
1-0: Ball
2-0: Called Strike
2-1: Swinging Strike
2-2: Strikes out swinging
Batting: RHB Aaron Wilson 0-0: Foul Ball, location: 2F
0-1: Called Strike
0-2: Fielders Choice at 2nd, 4-6 (Groundball, 4)
Batting: RHB Salvador Borbón 0-0: Ball
1-0: Ball
2-0: Foul Ball, location: 2F
2-1: Foul Ball, location: 2F
2-2: 2-RUN HOME RUN (Flyball, 78XD), Distance : 372 ft
Saturday, April 7th, 2018 - OOTP Baseball 18.8 Build 76